[Event "Titled Tuesday Blitz January 03 Late 2023"]
[White "Berezin, Viktor"]
[Black "Ortega Ruiz, Jose Miguel"]
[WhiteFideId "14107872"]
[BlackFideId "2209713"]
[WhiteElo "2307"]
[BlackElo "2351"]
[Result "0-1"]
[Round "08"]
[TimeControl "180+2"]
[Date "2023.01.03"]
[WhiteClock "0:00:02"]
[BlackClock "0:00:08"]

1. Nf3 g6 2. d4 Bg7 3. g3 d6 4. Bg2 Nf6 5. O-O O-O 6. c4 c5 7. d5 Na6 8. Nc3 Bf5 9. Ne1 Nc7 10. e4 Bd7 11. a4 Rb8 12. Nd3 a6 13. a5 Nfe8 14. f4 b5 15. axb6 Rxb6 16. e5 Bf5 17. Ne4 Qb8 18. g4 Bxe4 19. Bxe4 e6 20. Bg2 exd5 21. cxd5 Rb3 22. Kh1 c4 23. Nf2 Qb7 24. e6 Nb5 25. f5 Be5 26. Ne4 Rd3 27. Qe1 f6 28. g5 gxf5 29. Rxf5 Ng7 30. Rxf6 Nd4 31. Rxf8+ Kxf8 32. Qf1+ Ngf5 33. Bf4 Bxf4 34. Qxf4 Qxd5 35. Rf1 Qe5 36. Qg4 Kg7 37. e7 Nxe7 38. Nf6 Ndf5 39. Nh5+ Kg8 40. Nf4 Rd4 41. Qf3 Ne3 42. Qa8+ Kg7 43. Nh5+ Kg6 44. Qe8+ Kxg5 45. Rg1 Rg4 46. Ng3 Rxg3 47. hxg3 Kg4 48. Qf8 Qh5+ 49. Bh3+ Qxh3# 0-1


[Site "https://www.chess.com"]

[Event "Titled Tuesday Blitz January 03 Late 2023"]
[White "Andreev, Eduard"]
[Black "Dudzinski, Pawel"]
[WhiteFideId "14103400"]
[BlackFideId "1117890"]
[WhiteElo "2413"]
[BlackElo "2186"]
[Result "1-0"]
[Round "08"]
[TimeControl "180+2"]
[Date "2023.01.03"]
[WhiteClock "0:00:37"]
[BlackClock "0:00:01"]

1. Nf3 g6 2. g3 Bg7 3. d4 f5 4. Bg2 Nf6 5. O-O d6 6. c4 O-O 7. Nc3 Qe8 8. Re1 e5 9. e4 f4 10. gxf4 Nh5 11. Nd5 Na6 12. dxe5 dxe5 13. Nxe5 c6 14. Nc3 Nxf4 15. Bxf4 Bxe5 16. Bxe5 Qxe5 17. Qd3 Be6 18. b3 Nb4 19. Qd2 Rad8 20. Nd5 Na6 21. Qh6 Bc8 22. Ne3 Rd2 23. Rf1 Rdxf2 24. Rad1 Rxf1+ 25. Rxf1 Rxf1+ 26. Nxf1 Qd4+ 27. Kh1 Nc5 28. Qf4 Be6 29. Qb8+ Kf7 30. Qc7+ Qd7 31. Qe5 Nd3 32. Qh8 Nf2+ 33. Kg1 Ng4 34. Qxh7+ Kf6 35. Qh8+ Kf7 36. h3 1-0


[Site "https://www.chess.com"]

[Event "Titled Tuesday Blitz January 03 Late 2023"]
[White "Carbone, Diego"]
[Black "aidenzhouu"]
[WhiteFideId "3002179"]
[WhiteElo "2336"]
[BlackElo "2395"]
[Result "0-1"]
[Round "08"]
[TimeControl "180+2"]
[Date "2023.01.03"]
[WhiteClock "0:00:18"]
[BlackClock "0:00:18"]

1. d4 Nf6 2. c4 Nc6 3. Nf3 e6 4. g3 Bb4+ 5. Bd2 Qe7 6. Nc3 O-O 7. Bg2 Bxc3 8. Bxc3 Ne4 9. Rc1 d6 10. O-O Nxc3 11. Rxc3 e5 12. d5 Nb8 13. Nd2 a5 14. c5 dxc5 15. Nb3 Nd7 16. Qc2 Ra7 17. Nxc5 Nxc5 18. Rxc5 b6 19. Rc3 Rd8 20. Rc1 Rd7 21. Bh3 Rd8 22. Bxc8 Rxc8 23. Rc6 Rb7 24. d6 Qd7 25. dxc7 h5 26. Rd1 Qe7 27. Qf5 Rbxc7 28. Rxc7 Rxc7 29. Qxh5 Rc2 30. Qf5 Rxe2 31. Rc1 g6 32. Rc8+ Kg7 33. Qh3 Re1+ 34. Kg2 Qb7+ 35. f3 Re2+ 36. Kf1 Qxf3+ 37. Kg1 Re1+ 0-1


[Site "https://www.chess.com"]

[Event "Titled Tuesday Blitz January 03 Late 2023"]
[White "Melikhov, Evgeny V."]
[Black "Reprintsev, Alexander"]
[WhiteFideId "4122046"]
[BlackFideId "14100541"]
[WhiteElo "2269"]
[BlackElo "2253"]
[Result "1-0"]
[Round "08"]
[TimeControl "180+2"]
[Date "2023.01.03"]
[WhiteClock "0:00:53"]
[BlackClock "0:00:51"]

1. d4 d5 2. c4 e5 3. dxe5 d4 4. Nf3 Nc6 5. g3 Nge7 6. Bg2 Ng6 7. Bg5 Qd7 8. O-O h6 9. Bc1 Ngxe5 10. Nbd2 Be7 11. Nxe5 Nxe5 12. Nf3 Nxf3+ 13. Bxf3 c6 14. b3 O-O 15. Bb2 Rd8 16. Qd3 Bf6 17. Rad1 c5 18. e3 a5 19. exd4 cxd4 20. Bd5 a4 21. Bxd4 Bxd4 22. Qxd4 axb3 23. axb3 Re8 24. Rfe1 Rxe1+ 25. Rxe1 Ra2 26. Qe5 g6 27. Qe8+ Kg7 28. Qxd7 Bxd7 29. Bxb7 Rb2 30. Bd5 Bh3 31. c5 Kf6 32. c6 Rc2 33. Bc4 Be6 34. Rxe6+ fxe6 35. c7 1-0


[Site "https://www.chess.com"]

[Event "Titled Tuesday Blitz January 03 Late 2023"]
[White "Fisher_TheGalactic"]
[Black "Rian, Kapriaga"]
[BlackFideId "7103263"]
[WhiteElo "2492"]
[BlackElo "2089"]
[Result "0-1"]
[Round "08"]
[TimeControl "180+2"]
[Date "2023.01.03"]
[WhiteClock "0:00:15"]
[BlackClock "0:00:21"]

1. Nf3 d5 2. g3 Nf6 3. Bg2 Bf5 4. O-O e6 5. d3 h6 6. Nbd2 Bh7 7. b3 Be7 8. Bb2 O-O 9. Re1 c5 10. e4 Nc6 11. exd5 exd5 12. Ne5 Bd6 13. Ndf3 Re8 14. Nxc6 bxc6 15. Rxe8+ Nxe8 16. Qe2 a5 17. a4 Rb8 18. Re1 Nf6 19. Ne5 Qc7 20. Ng4 Nd7 21. Bh3 Bg6 22. Ne5 Nxe5 23. Bxe5 Re8 24. f4 f6 25. Qg4 Kh7 26. Bc3 Rxe1+ 27. Bxe1 c4 28. f5 Bf7 29. Bf1 cxb3 30. cxb3 Qb6+ 31. Kh1 d4 32. Bd2 c5 33. h4 Qxb3 34. Bxa5 Qxa4 35. Bd2 Qa1 36. Kg1 Be5 37. Bf4 Qe1 38. Bxe5 Qxe5 39. Bg2 Qe3+ 40. Kh2 Qxd3 41. Bd5 Bxd5 42. Qg6+ Kh8 43. Qe8+ Bg8 44. Qg6 Qe2+ 45. Kh3 h5 46. g4 Qxg4+ 47. Qxg4 hxg4+ 48. Kxg4 d3 49. Kf3 c4 50. Ke3 Bh7 51. Kd2 Bxf5 52. Kd1 c3 53. Ke1 d2+ 54. Kf1 d1=Q+ 0-1


[Site "https://www.chess.com"]

[Event "Titled Tuesday Blitz January 03 Late 2023"]
[White "Fernandez Garcia, Gumersindo"]
[Black "Almagro Mazariegos, Sebastian"]
[WhiteFideId "24516740"]
[BlackFideId "2221640"]
[WhiteElo "2160"]
[BlackElo "2280"]
[Result "1-0"]
[Round "08"]
[TimeControl "180+2"]
[Date "2023.01.03"]
[WhiteClock "0:00:12"]
[BlackClock "0:00:11"]

1. b3 Nf6 2. Bb2 e6 3. e3 d5 4. Nf3 c5 5. c4 Nc6 6. Be2 Be7 7. d3 O-O 8. a3 b6 9. Nbd2 Bb7 10. h3 Rc8 11. O-O Qc7 12. Rc1 dxc4 13. Nxc4 Rfd8 14. Qc2 Nd7 15. Rfd1 Bf6 16. Bxf6 Nxf6 17. Qb2 Qe7 18. Nce5 Nxe5 19. Nxe5 Rd6 20. f4 Rdd8 21. g4 Nd7 22. Kf2 Qh4+ 23. Kf1 Qg3 24. e4 Qxh3+ 25. Kf2 Qh4+ 26. Ke3 Nxe5 27. Qxe5 Qf6 28. Qxf6 gxf6 29. Rh1 Kg7 30. Rh3 h6 31. Rch1 Rh8 32. R1h2 e5 33. f5 Rcd8 34. Kd2 Bxe4 35. Kc3 Bb7 36. a4 a5 37. Bf1 Rd4 38. Be2 Bd5 39. Rg3 Re8 40. Rgh3 Rh8 41. Rh4 Rb4 42. Bd1 e4 43. dxe4 Bxe4 44. Be2 Bd5 45. Bd1 Re8 46. Rxh6 Re3+ 47. Kd2 Rg3 48. Rh7+ Kf8 49. Rh8+ Ke7 50. Re2+ Re4 51. Rxe4+ Bxe4 52. Rb8 Bf3 53. Rxb6 Bxg4 54. Rb7+ Kd6 55. Bxg4 Rxg4 56. Rxf7 Ke5 57. Rc7 Kxf5 58. Rxc5+ Ke4 59. Rxa5 Rg2+ 60. Kc3 f5 61. Ra8 f4 62. Re8+ Kf3 63. a5 Ra2 64. b4 Kg2 65. Kc4 f3 66. Rg8+ Kh1 67. Rf8 f2 68. Kb5 Kg1 69. a6 f1=Q+ 70. Rxf1+ Kxf1 71. Kb6 Ke2 72. b5 Kd3 73. Ka7 Kc4 74. b6 Kc5 75. b7 Rb2 76. b8=Q 1-0


[Site "https://www.chess.com"]

[Event "Titled Tuesday Blitz January 03 Late 2023"]
[White "Rosenberg, Evan S"]
[Black "Fishbein, Mitch"]
[WhiteFideId "2019299"]
[BlackFideId "30922917"]
[WhiteElo "1956"]
[BlackElo "2120"]
[Result "1-0"]
[Round "08"]
[TimeControl "180+2"]
[Date "2023.01.03"]
[WhiteClock "0:00:16"]
[BlackClock "0:00:04"]

1. d4 Nf6 2. Nf3 d5 3. c3 e6 4. Bf4 Bd6 5. e3 Nbd7 6. Nbd2 O-O 7. Bd3 Qe7 8. Ne5 c5 9. Rc1 Qd8 10. Nxf7 Rxf7 11. Bxd6 b6 12. O-O Bb7 13. f4 Ne4 14. Nxe4 dxe4 15. Bc2 Nf6 16. Be5 Nd7 17. Qh5 Rf5 18. Qh3 Qe7 19. g4 Rff8 20. g5 Rf5 21. Bd1 Nxe5 22. dxe5 Rff8 23. Bb3 Rae8 24. Rcd1 Ba6 25. c4 Bb7 26. Rd6 Bc8 27. Rfd1 Rd8 28. Bc2 Bb7 29. Rxd8 Rxd8 30. Rxd8+ Qxd8 31. Qxe6+ Kf8 32. Qd6+ Qxd6 33. exd6 g6 34. Ba4 Kf7 35. Bd7 a6 36. h4 a5 37. b3 Ba6 38. a4 Bb7 39. Kg2 Ba6 40. Kg3 Bb7 41. Kg4 Ba6 42. f5 Bb7 43. Kf4 Ba8 44. Ke5 gxf5 45. Bxf5 Bc6 46. Bxh7 Bd7 47. Bxe4 Bh3 48. h5 Bg4 49. h6 Bd1 50. g6+ Kf8 51. d7 1-0


[Site "https://www.chess.com"]

[Event "Titled Tuesday Blitz January 03 Late 2023"]
[White "Jovic, Stanoje"]
[Black "Balint, Vilmos"]
[WhiteFideId "905020"]
[BlackFideId "718050"]
[WhiteElo "2075"]
[BlackElo "2169"]
[Result "1-0"]
[Round "08"]
[TimeControl "180+2"]
[Date "2023.01.03"]
[WhiteClock "0:01:12"]
[BlackClock "0:02:07"]

1. c4 Nf6 2. g3 g6 3. Bg2 Bg7 4. Nc3 O-O 5. Nf3 b6 6. Ne5 c6 7. O-O Bb7 8. d4 Qc8 9. b3 d6 10. Nd3 c5 11. d5 Nxd5 12. Nxd5 Bxd5 13. Bxd5 Bxa1 14. Bxa8 Nd7 15. Bg2 h5 16. Bh6 Bg7 17. Bxg7 Kxg7 18. f4 h4 19. e4 hxg3 20. hxg3 Rh8 21. f5 gxf5 22. Qa1+ Nf6 23. Rxf5 Rh6 24. Nf4 Qh8 25. e5 dxe5 26. Qxe5 Qd8 27. Nd5 Kf8 28. Nxf6 exf6 29. Qf4 Qd1+ 30. Bf1 Rg6 31. Rxf6 Rg4 32. Rxf7+ Kg8 33. Rf8+ Kh7 34. Qf5+ Kg7 35. Qf6+ 1-0


[Site "https://www.chess.com"]

[Event "Titled Tuesday Blitz January 03 Late 2023"]
[White "Kujawski, Adam"]
[Black "Ibadov, Dashgyn"]
[WhiteFideId "1100920"]
[BlackFideId "24107514"]
[WhiteElo "2173"]
[BlackElo "2391"]
[Result "1-0"]
[Round "08"]
[TimeControl "180+2"]
[Date "2023.01.03"]
[WhiteClock "0:00:33"]
[BlackClock "0:00:02"]

1. e4 e5 2. Nf3 Nc6 3. Bb5 a6 4. Ba4 Nf6 5. O-O b5 6. Bb3 Be7 7. d4 d6 8. dxe5 Nxe5 9. Nxe5 dxe5 10. Qxd8+ Bxd8 11. a4 Bb7 12. axb5 axb5 13. Rxa8 Bxa8 14. Nc3 Nxe4 15. Nxe4 Bxe4 16. Re1 Bc6 17. Rxe5+ Be7 18. Be3 f6 19. Rh5 Kd7 20. Rh4 Ra8 21. Rd4+ Bd6 22. f3 Ke7 23. Kf2 Bd7 24. Re4+ Kf8 25. Bf4 Bxf4 26. Rxf4 c5 27. Bd5 Ra1 28. Re4 Rc1 29. Re2 Bf5 30. c3 b4 31. cxb4 cxb4 32. Be4 Bxe4 33. Rxe4 Rc2+ 34. Re2 Rc4 35. Ke3 Kf7 36. Kd3 Rc6 37. Re4 b3 38. Rc4 Rd6+ 39. Kc3 Rd1 40. Kxb3 Ke6 41. Rc2 g5 42. Kc3 h5 43. b4 Rh1 44. h3 Kd5 45. b5 Kc5 46. Rb2 Kb6 47. Kd4 g4 48. hxg4 hxg4 49. fxg4 Rh4 50. Ke4 Rxg4+ 51. Kf5 Rg3 52. Kxf6 Rg8 53. Kf5 Rf8+ 54. Kg4 Rg8+ 55. Kh3 Rh8+ 56. Kg3 Rg8+ 57. Kh2 Rh8+ 58. Kg1 Rg8 59. Rb3 Rg7 60. g3 Rg8 61. Kg2 Rg7 62. Kf3 Rf7+ 63. Ke4 Rg7 64. Kf4 Rf7+ 65. Ke5 Rg7 66. Kf5 Kc5 67. g4 Rf7+ 68. Kg6 Rb7 69. g5 Kd6 70. Kf6 Rb8 71. b6 1-0


[Site "https://www.chess.com"]

[Event "Titled Tuesday Blitz January 03 Late 2023"]
[White "Van den Dikkenberg, Erik"]
[Black "Khandelwal, Ankush"]
[WhiteFideId "1005880"]
[BlackFideId "413470"]
[WhiteElo "2091"]
[BlackElo "2205"]
[Result "0-1"]
[Round "08"]
[TimeControl "180+2"]
[Date "2023.01.03"]
[WhiteClock "0:00:01"]
[BlackClock "0:01:25"]

1. e4 c5 2. Nc3 a6 3. f4 e6 4. g3 b5 5. Bg2 Bb7 6. d3 b4 7. Nce2 d5 8. e5 Nc6 9. Nh3 f6 10. exf6 Nxf6 11. O-O Be7 12. f5 exf5 13. Rxf5 O-O 14. Bg5 Qd7 15. Rf1 Ng4 16. Qd2 Nce5 17. Bxe7 Qxe7 18. Nhf4 Rad8 19. d4 Nc4 20. Qd3 Nce3 21. Rf3 c4 22. Qd2 Nxg2 23. Kxg2 Rde8 24. Re1 Bc8 25. Nxd5 Qe4 26. Ndf4 g5 27. Qxb4 gxf4 28. Qxc4+ Be6 29. Qxa6 fxg3 30. Nxg3 Qxf3+ 31. Kg1 Qf2+ 0-1


[Site "https://www.chess.com"]

[Event "Titled Tuesday Blitz January 03 Late 2023"]
[White "Keller, Peter"]
[Black "Torres Dominguez, David"]
[WhiteFideId "1272105"]
[BlackFideId "2220857"]
[WhiteElo "2358"]
[BlackElo "1994"]
[Result "0-1"]
[Round "08"]
[TimeControl "180+2"]
[Date "2023.01.03"]
[WhiteClock "0:00:20"]
[BlackClock "0:00:08"]

1. d4 e5 2. dxe5 d6 3. exd6 Bxd6 4. Nf3 Bg4 5. e3 Qe7 6. Be2 Nc6 7. c3 O-O-O 8. Nbd2 Nf6 9. b3 h5 10. Bb2 Bf5 11. Nd4 Nxd4 12. cxd4 g5 13. a3 Kb8 14. Nc4 g4 15. Bd3 Be6 16. Qc2 Bd5 17. O-O Ne4 18. b4 Bxh2+ 19. Kxh2 Qh4+ 20. Kg1 Ng5 21. f4 g3 22. Rfe1 Qh2+ 23. Kf1 Qh1+ 24. Ke2 Qxg2+ 25. Kd1 Qxc2+ 26. Kxc2 Nf3 27. Re2 h4 28. Nd2 Nxd2 29. Kxd2 Bf3 30. Ree1 h3 31. d5 g2 32. Bxh8 Rxh8 33. e4 h2 34. Ke3 Rh3 35. Kf2 h1=Q 36. Rxh1 gxh1=Q 37. Rxh1 Bxh1 38. Bf1 Rxa3 39. Kg1 Bxe4 40. d6 Bc6 41. dxc7+ Kxc7 0-1


[Site "https://www.chess.com"]

[Event "Titled Tuesday Blitz January 03 Late 2023"]
[White "Kovacs, Klara"]
[Black "Martinez, Marcel"]
[WhiteFideId "733210"]
[BlackFideId "2016249"]
[WhiteElo "2121"]
[BlackElo "2402"]
[Result "0-1"]
[Round "08"]
[TimeControl "180+2"]
[Date "2023.01.03"]
[WhiteClock "0:00:48"]
[BlackClock "0:00:51"]

1. d4 Nf6 2. Nf3 c5 3. g3 cxd4 4. Nxd4 e5 5. Nb3 d5 6. Bg2 h6 7. O-O Nc6 8. c3 Bf5 9. N1d2 Be7 10. Qe1 Bg6 11. e4 O-O 12. exd5 Nxd5 13. Ne4 Qb6 14. c4 Ndb4 15. c5 Qa6 16. Qc3 Rad8 17. Be3 Nd5 18. Qc1 Nxe3 19. Qxe3 Nb4 20. Rfc1 Qe6 21. a3 Rd3 22. Qe2 Rxb3 23. axb4 a6 24. c6 Rxb4 25. cxb7 Rb6 26. Nc5 Bxc5 27. Rxc5 e4 28. Rac1 Rxb7 29. Rc6 Qe5 30. Qxa6 Rxb2 31. Qc4 Qf5 32. Rf1 Rfb8 33. h3 Kh7 34. g4 Qf4 35. Rxg6 fxg6 36. Bxe4 Rf8 37. Qd4 Re2 38. Bxg6+ Kxg6 39. Qd3+ Qe4 40. Qd6+ Rf6 0-1


[Site "https://www.chess.com"]

[Event "Titled Tuesday Blitz January 03 Late 2023"]
[White "La Villa Rivas, Marlon Javier"]
[Black "Strahov, Andrej"]
[WhiteFideId "3519546"]
[BlackFideId "4165489"]
[WhiteElo "2246"]
[BlackElo "2398"]
[Result "0-1"]
[Round "08"]
[TimeControl "180+2"]
[Date "2023.01.03"]
[WhiteClock "0:01:33"]
[BlackClock "0:01:32"]

1. e4 d5 2. exd5 Qxd5 3. Nc3 Qa5 4. d4 Nf6 5. Nf3 Bf5 6. Bd2 c6 7. Bc4 e6 8. O-O Nbd7 9. Re1 Qc7 10. Ne5 Nxe5 11. dxe5 Nd5 12. Bxd5 cxd5 13. Nb5 Qd7 14. Nd4 Bg6 15. f4 Bc5 16. c3 O-O 17. Qf3 b5 18. Be3 b4 19. cxb4 Bxb4 20. Rf1 Be4 21. Qg4 f5 22. exf6 Rxf6 23. Nf3 Rg6 24. Qh3 Bd6 25. Rad1 Rb8 26. b3 a5 27. Ng5 Bf5 28. Qh4 h6 29. Nf3 Be4 30. Rfe1 Bxf3 31. Rd2 Be4 32. Bf2 Bf5 33. Bd4 Bb4 0-1


[Site "https://www.chess.com"]

[Event "Titled Tuesday Blitz January 03 Late 2023"]
[White "Garcia Almaguer, Juan Manuel"]
[Black "Zampronha, Wladimir Camilo"]
[WhiteFideId "5110491"]
[BlackFideId "2103087"]
[WhiteElo "2090"]
[BlackElo "2176"]
[Result "1/2-1/2"]
[Round "08"]
[TimeControl "180+2"]
[Date "2023.01.03"]
[WhiteClock "0:01:07"]
[BlackClock "0:00:27"]

1. e4 c5 2. Nf3 e6 3. d4 cxd4 4. Nxd4 Nc6 5. c4 Nf6 6. Nxc6 bxc6 7. Bd3 e5 8. O-O Bc5 9. Nc3 O-O 10. Na4 Bd4 11. Be3 Bxe3 12. fxe3 d6 13. Qd2 Qe7 14. h3 Be6 15. g4 Nd7 16. b3 Nc5 17. Nxc5 dxc5 18. Qc3 h5 19. Be2 Qh4 20. Qxe5 Qxh3 21. gxh5 Qxe3+ 22. Rf2 Rad8 23. Qf4 Qxf4 24. Rxf4 Rd2 25. Bg4 Bxg4 26. Rxg4 Rfd8 27. Rg2 Rxg2+ 28. Kxg2 Rd2+ 29. Kg3 Kh7 30. Rf1 f6 31. Rf5 Rxa2 32. Rxc5 Rb2 33. Rxc6 Rxb3+ 34. Kf4 a5 35. h6 Kxh6 36. e5 Rb1 37. Ra6 Rf1+ 38. Kg4 Rg1+ 39. Kf3 Re1 40. exf6 gxf6 41. Rxf6+ Kg5 42. Ra6 Ra1 43. Ke4 a4 44. Kd5 a3 45. Kc6 a2 46. c5 Kf5 47. Ra4 Ke5 48. Kc7 Kd5 49. c6 Rc1 50. Ra5+ Rc5 51. Rxa2 Rxc6+ 52. Kd7 Rd6+ 53. Ke7 Re6+ 54. Kf7 Rc6 55. Rd2+ Kc5 56. Ke7 Kb5 57. Rb2+ Kc5 58. Kd7 Rd6+ 59. Ke7 Rc6 60. Rb3 Rb6 61. Rd3 Kc4 62. Rd1 Rb3 63. Kd7 Rd3+ 64. Rxd3 Kxd3 1/2-1/2


[Site "https://www.chess.com"]

[Event "Titled Tuesday Blitz January 03 Late 2023"]
[White "Quinones Garcia, Santiago"]
[Black "Graham, Nathaniel"]
[WhiteFideId "4408497"]
[BlackFideId "2007983"]
[WhiteElo "2248"]
[BlackElo "2262"]
[Result "1-0"]
[Round "08"]
[TimeControl "180+2"]
[Date "2023.01.03"]
[WhiteClock "0:01:47"]
[BlackClock "0:00:02"]

1. d4 d5 2. c4 c6 3. Nf3 Nf6 4. e3 Bg4 5. Nc3 e6 6. h3 Bh5 7. Qb3 Qb6 8. g4 Bg6 9. Nh4 Qxb3 10. axb3 Bc2 11. Nf3 Bxb3 12. c5 Nbd7 13. Bd3 b6 14. cxb6 Nxb6 15. Nd2 Bc4 16. Nxc4 dxc4 17. Be2 Bb4 18. O-O Kd7 19. Na4 Kc7 20. Nc5 Bxc5 21. dxc5 Nbd7 22. Bxc4 Nxc5 23. b4 Nce4 24. f3 Nd6 25. Be2 Rhb8 26. Bd2 Nd5 27. Rfb1 e5 28. e4 Nf4 29. Bf1 f6 30. Rc1 Kd7 31. Ra2 Nb5 32. Bxf4 exf4 33. Rd2+ Kc7 34. Rdc2 Nd4 35. Rc4 1-0


[Site "https://www.chess.com"]

[Event "Titled Tuesday Blitz January 03 Late 2023"]
[White "Kuegel, Tobias"]
[Black "Curtis, John"]
[WhiteFideId "4636295"]
[BlackFideId "3200256"]
[WhiteElo "2332"]
[BlackElo "2292"]
[Result "1-0"]
[Round "08"]
[TimeControl "180+2"]
[Date "2023.01.03"]
[WhiteClock "0:00:08"]
[BlackClock "0:00:02"]

1. e4 c5 2. Nf3 d6 3. d4 cxd4 4. Nxd4 Nf6 5. f3 Nc6 6. c4 Nxd4 7. Qxd4 e5 8. Qd3 Be6 9. Nc3 Rc8 10. b3 Be7 11. Be3 a6 12. Be2 O-O 13. O-O Nd7 14. Rac1 Nc5 15. Qd2 f5 16. exf5 Rxf5 17. Nd5 Bf8 18. f4 exf4 19. Nxf4 Bd7 20. Bg4 Rf7 21. Bf3 Bc6 22. Bd5 Bxd5 23. Qxd5 Qe7 24. Rce1 Qe5 25. Qxf7+ Kxf7 26. Nd3+ Qf6 27. Bxc5 dxc5 28. Ne5+ Kg8 29. Rxf6 gxf6 30. Nd7 Kf7 31. Nb6 Rd8 32. Nd5 Rd7 33. a4 Bg7 34. g3 f5 35. Kg2 Bd4 36. Rf1 Kg6 37. h4 h5 38. Re1 b5 39. axb5 axb5 40. Re6+ Kf7 41. Rh6 bxc4 42. bxc4 Kg7 43. Rxh5 Ra7 44. Rxf5 Ra2+ 45. Kh3 Rc2 46. Nb6 Rb2 47. Nd7 Rc2 48. Nxc5 Rxc4 49. Ne6+ Kg6 50. Nxd4 Rxd4 51. Ra5 Rd1 52. Ra6+ Kf5 53. Ra5+ Kg6 54. Rc5 Rd6 55. h5+ Kh6 56. Kh4 Rd1 57. Rc6+ Kh7 58. g4 Rd2 59. h6 1-0


[Site "https://www.chess.com"]

[Event "Titled Tuesday Blitz January 03 Late 2023"]
[White "Martinez Ramirez, Lennis"]
[Black "Vifleemskaia, Svetlana"]
[WhiteFideId "3509079"]
[BlackFideId "4129490"]
[WhiteElo "2426"]
[BlackElo "1971"]
[Result "1-0"]
[Round "08"]
[TimeControl "180+2"]
[Date "2023.01.03"]
[WhiteClock "0:02:09"]
[BlackClock "0:00:01"]

1. e4 e5 2. d4 exd4 3. Nf3 Nc6 4. c3 Nf6 5. e5 Ne4 6. cxd4 d5 7. Bb5 Bb4+ 8. Nbd2 Nxd2 9. Bxd2 Bxd2+ 10. Qxd2 O-O 11. Bxc6 bxc6 12. O-O Bd7 13. Rac1 a5 14. Rfe1 a4 15. Rc3 h6 16. h3 Qe7 17. Re2 Qb4 18. Ne1 Rab8 19. a3 Qb6 20. Qe3 Qa6 21. Nd3 Bf5 22. Nc5 Qb5 23. g4 Bc8 24. f4 Ba6 25. Rf2 Rfe8 26. f5 Bc8 27. b4 Ra8 28. h4 Qb8 29. h5 Ba6 30. f6 Qd8 31. g5 Kh7 32. g6+ fxg6 33. hxg6+ Kh8 34. Rh2 Qxf6 35. Rxh6+ gxh6 36. Qxh6+ Kg8 37. Qh7+ Kf8 38. exf6 1-0


[Site "https://www.chess.com"]

[Event "Titled Tuesday Blitz January 03 Late 2023"]
[White "Yashmetov, Mikhail"]
[Black "Pino Perez, Lazaro"]
[WhiteFideId "24198900"]
[BlackFideId "3517055"]
[WhiteElo "2323"]
[BlackElo "2142"]
[Result "1-0"]
[Round "08"]
[TimeControl "180+2"]
[Date "2023.01.03"]
[WhiteClock "0:00:03"]
[BlackClock "0:00:03"]

1. d4 d5 2. c4 e6 3. g3 Nf6 4. Bg2 dxc4 5. Nf3 c5 6. O-O Nc6 7. Ne5 Bd7 8. Na3 cxd4 9. Naxc4 Be7 10. Bf4 Rc8 11. Qb3 Nd5 12. Qxb7 Nxe5 13. Nxe5 Rc7 14. Qb3 Nxf4 15. gxf4 O-O 16. Rfd1 Qb8 17. Qxb8 Rxb8 18. Rxd4 Bb5 19. Rd2 Bb4 20. Rd4 Bc5 21. Rd2 Bb4 22. Rd4 Bc5 23. Rdd1 Bxe2 24. Rd2 Bb5 25. Rad1 Be7 26. b3 h5 27. Bf3 g6 28. Be2 Be8 29. Bc4 Kg7 30. a4 a5 31. Nf3 Bxa4 32. Bxe6 Bxb3 33. Bxb3 Rxb3 34. Ne5 a4 35. Rd7 Rbb7 36. Rxc7 Rxc7 37. Rd4 a3 38. Ra4 Rc2 39. Kg2 Bc5 40. Nd3 Bf8 41. Nb4 Rc4 42. Rxa3 Rxb4 43. Rf3 Kf6 44. f5 g5 45. Rc3 Kxf5 46. Rd3 Be7 47. h3 Re4 48. Rd5+ Kg6 49. Rb5 Bd6 50. Rb6 Re6 51. Rb5 Re5 52. Rb6 Rd5 53. Ra6 Kf5 54. Rc6 Bc5 55. Kf1 f6 56. Ke1 Bb4+ 57. Ke2 Bc5 58. Ke1 Re5+ 59. Kf1 Bd4 60. Rc4 Bc5 61. Rc2 Bd6 62. Rc4 Ke6 63. Kg2 Rd5 64. Ra4 Rd2 65. Ra6 Rc2 66. Rb6 1-0


[Site "https://www.chess.com"]

[Event "Titled Tuesday Blitz January 03 Late 2023"]
[White "Novikov, Evgenij"]
[Black "Corredor Castellanos, Camilo"]
[WhiteFideId "4125380"]
[BlackFideId "4425871"]
[WhiteElo "2276"]
[BlackElo "1957"]
[Result "1-0"]
[Round "08"]
[TimeControl "180+2"]
[Date "2023.01.03"]
[WhiteClock "0:00:11"]
[BlackClock "0:00:06"]

1. c4 e5 2. b3 Nc6 3. Bb2 Nf6 4. e3 d6 5. g3 g6 6. Bg2 Bg7 7. Ne2 O-O 8. O-O a5 9. a3 Qe7 10. Qc2 Bf5 11. d3 Bg4 12. h3 Bd7 13. Nbc3 Ne8 14. Rae1 f5 15. f4 Rb8 16. Nd5 Qd8 17. b4 axb4 18. axb4 b5 19. Bc3 Kh8 20. Qb2 bxc4 21. dxc4 Na5 22. Qa2 Nb7 23. e4 c6 24. Ne3 Qb6 25. Nc1 fxe4 26. fxe5 Rxf1+ 27. Bxf1 Be6 28. Qb2 d5 29. Nb3 dxc4 30. Nd4 Bd5 31. Bxc4 Nc7 32. Kh2 Nd8 33. Qe2 Bxe5 34. Rd1 Nce6 35. Nxe6 Bxc3 36. Ng5 Bxc4 37. Nxc4 Qb5 38. Nxe4 Bg7 39. Ned6 Qxb4 40. Qe8+ 1-0


[Site "https://www.chess.com"]

[Event "Titled Tuesday Blitz January 03 Late 2023"]
[White "Suvorov, Luca"]
[Black "qiaohu_henry"]
[WhiteFideId "12977071"]
[WhiteElo "2310"]
[BlackElo "2253"]
[Result "1-0"]
[Round "08"]
[TimeControl "180+2"]
[Date "2023.01.03"]
[WhiteClock "0:00:15"]
[BlackClock "0:00:02"]

1. d4 e6 2. c4 d5 3. Nf3 Nf6 4. Bg5 c6 5. Nc3 Nbd7 6. e3 Qa5 7. cxd5 Nxd5 8. Qb3 c5 9. dxc5 Bxc5 10. Bb5 Nxc3 11. bxc3 a6 12. Bd3 h6 13. Bh4 Be7 14. Bxe7 Kxe7 15. O-O Nc5 16. Qc2 Nxd3 17. Qxd3 Rd8 18. Qc4 Bd7 19. Rfd1 Bc6 20. Qh4+ f6 21. Qg4 Kf7 22. Nd4 Bd7 23. Rab1 b5 24. Nb3 Qc7 25. Qh5+ Kg8 26. Nc5 Be8 27. Nxe6 Qxc3 28. Qg4 Rxd1+ 29. Rxd1 g6 30. Nd4 Qc5 31. Qe6+ Bf7 32. Qxf6 Rc8 33. h4 Qh5 34. Nf3 Qf5 35. Qxa6 Bxa2 36. Nd4 Qf7 37. Qxc8+ Kg7 38. Nxb5 Be6 39. Qc7 Qxc7 40. Nxc7 Bf7 41. Rd7 Kf6 42. Rd6+ Ke7 43. Rd4 1-0


[Site "https://www.chess.com"]

[Event "Titled Tuesday Blitz January 03 Late 2023"]
[White "Liu, Casper"]
[Black "Wang, Alexander J"]
[WhiteFideId "1454153"]
[BlackFideId "30955270"]
[WhiteElo "2278"]
[BlackElo "1815"]
[Result "0-1"]
[Round "08"]
[TimeControl "180+2"]
[Date "2023.01.03"]
[WhiteClock "0:00:00"]
[BlackClock "0:00:26"]

1. a3 d5 2. d4 Nf6 3. Nf3 e6 4. Bf4 c5 5. e3 Nc6 6. Nc3 c4 7. b3 b5 8. Be2 a6 9. O-O Bb7 10. bxc4 dxc4 11. e4 Ne7 12. Ne5 Nxe4 13. Nxe4 Bxe4 14. Bf3 Bxf3 15. Qxf3 Qd5 16. a4 Qxf3 17. gxf3 f6 18. Ng4 Nd5 19. Bd2 b4 20. Ne3 Rc8 21. Nxd5 exd5 22. Rfe1+ Kf7 23. c3 b3 24. f4 Bd6 25. f5 Rhe8 26. Be3 g6 27. fxg6+ Kxg6 28. f4 Kf5 29. Kg2 Rg8+ 30. Kf3 Rce8 31. Bd2 Re4 32. Rxe4 dxe4+ 33. Ke2 Rg2+ 34. Kd1 Bxf4 0-1


[Site "https://www.chess.com"]

[Event "Titled Tuesday Blitz January 03 Late 2023"]
[White "Hoffmann, Asa"]
[Black "Sloan, Julia Elizabeth"]
[WhiteFideId "2001470"]
[BlackFideId "2018950"]
[WhiteElo "2185"]
[BlackElo "2087"]
[Result "1-0"]
[Round "08"]
[TimeControl "180+2"]
[Date "2023.01.03"]
[WhiteClock "0:01:46"]
[BlackClock "0:02:03"]

1. d4 Nf6 2. Bg5 e6 3. Nd2 h6 4. Bh4 d5 5. e3 b6 6. f4 Bb7 7. Ngf3 Be7 8. Bd3 O-O 9. O-O Ne4 10. Bxe7 Qxe7 11. Bxe4 dxe4 12. Ne5 Nd7 13. c3 Qd6 14. Qh5 b5 15. Rad1 f5 16. g4 Nf6 17. Qh4 Nd5 18. Rde1 fxg4 19. Qxg4 Nf6 20. Qg6 Rae8 21. Kh1 Qd5 22. Rg1 Re7 23. Qxh6 Nd7 24. Qh4 Rfe8 25. Ng6 Rf7 26. Qh8# 1-0


[Site "https://www.chess.com"]